 Dungeon Crawl Stone Soup version 0.25.1-2-g60ff931df9 (webtiles) character file.

Game seed: 11389084051244268396

49 Acheron the Gusty (level 3, -1/19 HPs)
             Began as a Tengu Air Elementalist on Sept 3, 2020.
             Shot with an arrow by a centaur (7 damage)
             ... on level 5 of the Dungeon.
             The game lasted 00:07:18 (1602 turns).

Acheron the Gusty (Tengu Air Elementalist)          Turns: 1602, Time: 00:07:19

Health: -1/19      AC:  4    Str:  8    XL:     3   Next: 75%
Magic:  7/7        EV: 12    Int: 16    God:
Gold:   78         SH:  0    Dex: 14    Spells: 3/6 levels left

rFire    . . .     SeeInvis .   f - +1 dagger (drain)
rCold    . . .     Gourm    .   (no shield)
rNeg     . . .     Faith    .   l - +1 leather armour
rPois    .         Spirit   .   (helmet restricted)
rElec    .         Reflect  .   (no cloak)
rCorr    .         Harm     .   (no gloves)
MR       .....                  (boots unavailable)
Stlth    ++........             (no amulet)
HPRegen  0.06/turn              (no ring)
MPRegen  0.10/turn              (no ring)

@: about to teleport
A: beak, talons 3
a: no special abilities


You were on level 5 of the Dungeon.
You were not hungry.

You visited 1 branch of the dungeon, and saw 5 of its levels.

You collected 78 gold pieces.

Inventory:

Hand Weapons
 b - a +0 short sword
 f - a +1 dagger of draining (weapon)
Missiles
 d - 45 stones
 o - 12 poisoned darts (quivered)
 u - 8 atropa-tipped darts
Armour
 a - a +0 robe
 j - a +0 ring mail
 l - a +1 leather armour (worn)
 s - a +0 cloak
Jewellery
 r - an uncursed amulet of faith
Scrolls
 e - a scroll of enchant armour
 g - 2 scrolls of remove curse
 v - a scroll of noise {unknown}
Potions
 h - a potion of might {unknown}
 i - 2 potions of experience
 m - a potion of ambrosia {unknown}
 p - a potion of resistance {unknown}
 t - a potion of heal wounds {unknown}
Comestibles
 c - 3 rations
 n - 3 chunks of flesh


   Skills:
 * Level 0.1 Fighting
 * Level 0.5 Short Blades
 * Level 0.6 Throwing
 * Level 2.3 Dodging
 * Level 2.3 Stealth
 * Level 2.1 Spellcasting
 * Level 1.6 Conjurations
 * Level 0.1 Charms
 * Level 5.1 Air Magic


You had 3 spell levels left.
You knew the following spells:

 Your Spells              Type           Power        Failure   Level  Hunger
a - Shock                 Conj/Air       ##..         8%          1    #......
b - Swiftness             Chrm/Air       ##......     16%         2    ###....

Your spell library contained the following spells:

 Spells                   Type           Power        Failure   Level  Hunger
 Static Discharge         Conj/Air       ##......     22%         3    ###....
 Airstrike                Air            ###.......   34%         4    #####..
 Lightning Bolt           Conj/Air       ##........   90%         5    ######.


Dungeon Overview and Level Annotations

Branches:
Dungeon (5/15)
 Temple: D:4-7

Altars:


Innate Abilities, Weirdness & Mutations

You have a beak for a mouth.
You have claws for feet.


Message History

The centaur shouts!
The centaur wields a +0 shortbow.
The centaur shoots an arrow.
The arrow hits you.
Things that are here:
an arrow; a ration The centaur shoots an arrow.
The arrow hits you!
Ouch! That really hurt!
The centaur shoots an arrow.
The arrow barely misses you.
You see here an arrow.
As you read the scroll labeled AZELOI CIMOST, it crumbles to dust.
It is a scroll of enchant armour.
Your +0 leather armour glows green for a moment.
As you read the scroll labeled PAT LUUCEMECZOC, it crumbles to dust.
You feel strangely unstable.
It was a scroll of teleportation.
You aren't carrying any items that you can evoke.
Okay, then.
As you read the scroll of identify, it crumbles to dust.
r - an uncursed amulet of faith The centaur shoots an arrow.
The arrow hits you!
You die...

#. ## ....#
#.#.# #
#.#.# .#
#.#.##.#
###......##
#.........#
###...((###
+......(@.#
###.<..##.#
#..c......
####....###
#.#### #.#
#c# #.#


You could see a centaur.

Vanquished Creatures
  2 adders (D:2)
  2 dart slugs
  A leopard gecko (D:3)
  A bat (D:1)
  3 giant cockroaches
  2 goblins
  3 hobgoblins
  3 kobolds
  4 frilled lizards
  5 rats
26 creatures vanquished.

Notes
Turn   | Place    | Note
-------+----------+-------------------------------------------
     0 | D:1      | Acheron the Tengu Air Elementalist began the quest for the
                  | Orb.
     0 | D:1      | Reached XP level 1. HP: 10/10 MP: 4/4
   202 | D:1      | Reached XP level 2. HP: 15/15 MP: 6/6
   456 | D:1      | Learned a level 2 spell: Swiftness
  1061 | D:2      | Reached XP level 3. HP: 17/19 MP: 5/7
  1195 | D:2      | Reached skill level 5 in Air Magic
  1595 | D:5      | Entered Level 5 of the Dungeon
  1596 | D:5      | Noticed a centaur
  1602 | D:5      | Shot with an arrow by a centaur

Illustrated notes

Levels and vault maps discovered:
D:1:      scummos_arrival_simple_fountains, layout_loops_ring,
          chequers_decorated_corner
D:2:      layout_loops_ring, minmay_circle_x
D:3:      layout_basic, ebering_ghost_sewer_f, uniq_terence
D:4:      layout_cave_pools, minmay_temple_entry_mist, first_ration
D:5:      layout_loops_corners, yredelemnul_altar_generic

Skill      XL: |  1  2  3 |
---------------+----------+-----
Air Magic      | 5 |  5.1
Fighting       | |  0.1
Short Blades   | |  0.5
Throwing       | |  0.6
Dodging        | |  2.3
Stealth        | |  2.3
Spellcasting   | |  2.1
Conjurations   | |  1.6
Charms         | |  0.1

Action                   || total
-------------------------++-------
Melee: Short sword       ||    15
       Kick              ||     5
       Peck              ||     5
       Dagger            ||    27
 Cast: Shock             ||    17
  Use: Scroll            ||     5
 Stab: Sleeping          ||     6
  Eat: Chunk             ||     2
Armor: Robe              ||     1
       Leather armour    ||     6
Dodge: Dodged            ||    25
